 Dungeon Sprint DCSS version 0.24-a0-616-ge2a249a6fd (webtiles) character file.

Game seed: 16038106497688245678, levelgen mode: deterministic

553 MordorOrchid the Prestidigitator (level 7, -7/99 HPs)
             Began as a Troll Transmuter on Sept 14, 2019.
             Was a Believer of Sif Muna.
             Mangled by a brown ugly thing (15 damage)
             ... in the Dungeon (Sprint IX: "|||||||||||||||||||||||||||||").
             The game lasted 00:04:40 (220 turns).

MordorOrchid the Prestidigitator (Troll Transmuter)  Turns: 220, Time: 00:04:40

Health: -7/99      AC: -2    Str: 24    XL:     7   Next: 8%
Magic:  7/12       EV: 11    Int: 11    God:    Sif Muna [**....]
Gold:   0          SH:  0    Dex: 10    Spells: 8/11 levels left

rFire    . . .     SeeInvis .     - Unarmed
rCold    . . .     Gourm    +   (no shield)
rNeg     . . .     Faith    .   b - +0 robe
rPois    .         Spirit   .   (helmet restricted)
rElec    .         Reflect  .   (no cloak)
rCorr    .         Harm     .   (gloves unavailable)
MR       .....     NoTele   +   (boots unavailable)
Stlth    ..........             (no amulet)
HPRegen  0.66/turn              q - +2 ring of protection
MPRegen  0.13/turn              r - +2 ring of protection

@: berserking (expiring), appendage (expiring), corroded, very quick
A: large, unfitting armour, claws 3, talons 3, fast metabolism 3, gourmand,
regeneration 1, shaggy fur 1, tough skin 3
a: End Transformation, Channel Magic, Renounce Religion


You were in the Dungeon.
You worshipped Sif Muna.
Sif Muna was pleased with you.
You were very full.
You had grown temporary talons.
You visited 1 branch

Inventory:

Hand Weapons
 o - a +2 rapier of draining
 p - a +2 scimitar of holy wrath
Missiles
 a - 39 arrows
Armour
 b - a +0 robe (worn)
Magical Staves
 x - an uncursed staff of energy
Jewellery
 q - a +2 ring of protection (left claw)
 r - a +2 ring of protection (right claw)
Wands
 n - a wand of acid (10)
Scrolls
 j - 2 scrolls of blinking
 l - 3 scrolls of remove curse
 m - 2 scrolls of amnesia
Potions
 e - 5 potions of curing
 f - 3 potions of heal wounds
 g - a potion of haste
 h - 4 potions of magic
Comestibles
 c - 9 chunks of flesh
 d - 2 rations


   Skills:
 * Level 2.5 Fighting
 * Level 3.7 Dodging
 + Level 7.0 Unarmed Combat
 + Level 2.8 Spellcasting
 - Level 2.9 Transmutations
 * Level 8.9 Evocations


You had 8 spell levels left.
You knew the following spells:

 Your Spells              Type           Power        Failure   Level  Hunger
a - Beastly Appendage     Tmut           #.....       8%          1    #......
s - Sticks to Snakes      Tmut           #.......     12%         2    ###....

Your spell library contained the following spells:

 Spells                   Type           Power        Failure   Level  Hunger
 Spider Form              Tmut/Pois      #.........   41%         3    ###....
 Ice Form                 Ice/Tmut       #.......     82%         4    #####..
 Blade Hands              Tmut           #.........   91%         5    ######.


Dungeon Overview and Level Annotations

Branches:
Dungeon (1/1)

Altars:
Cheibriados
Dithmenos
Elyvilon
Fedhas
Gozag
Hepliaklqana
Kikubaaqudgha
Makhleb
Nemelex Xobeh
Okawaru
Qazlal
Ru
Sif Muna
Trog
Uskayaw
Vehumet
Wu Jian
Xom
Yredelemnul
Zin
The Shining One
Beogh
Jiyva
Lugonu


Innate Abilities, Weirdness & Mutations

You are too large for most types of armour.
You have claws for hands.
Your metabolism is lightning-fast.
You like to eat raw meat.
Your natural rate of healing is unusually fast.
You are covered in fur. (AC +1)
You have extremely tough skin. (AC +3)
You have claws for feet.


Message History

The brown ugly thing is heavily wounded.
The brown ugly thing barely misses you.
You closely miss the brown ugly thing. You claw the brown ugly thing!
The brown ugly thing is heavily wounded.
The brown ugly thing bites you. The acid corrodes you!
You are splashed with acid!
You closely miss the brown ugly thing. You claw the brown ugly thing!
Your claw misses the brown ugly thing.
The brown ugly thing is severely wounded.
You scratch the brown ugly thing.
The brown ugly thing is severely wounded.
The brown ugly thing bites you!
* * * LOW HITPOINT WARNING * * *
The acid corrodes you!
You are splashed with acid!
* * * LOW HITPOINT WARNING * * *
You closely miss the brown ugly thing.
The brown ugly thing is severely wounded.
The kobold demonologist looks satisfied for a moment.
The brown ugly thing bites you!
You die... ▓▓▓▓▓▓▓▓▓▓▓▓▓▓▓▓▓▓▓▓▓▓▓▓ 4KFZaKu@SS.).)..[[[)...' ▓▓▓▓▓▓▓▓▓▓▓▓▓▓▓▓▓▓▓▓▓▓▓▓

You could see a brown ugly thing, a rust devil, 2 kobold demonologists, a bullfrog, a worker ant, a bat zombie, a friendly adder and a friendly ball python.

Vanquished Creatures
  A two-headed ogre (D)
  A centaur (D)
  2 howler monkeys (D)
  2 crimson imps (D)
  A quasit (D)
  2 worker ants (D)
  An orc (D)
  A goblin (D)
  A quokka (D)
  A bat (D)
  A kobold (D)
  2 rats (D)
16 creatures vanquished.

Notes
Turn   | Place    | Note
-------+----------+-------------------------------------------
     0 | D        | MordorOrchid the Troll Transmuter began the quest for the
                  | Orb.
     0 | D        | Reached XP level 1. HP: 18/18 MP: 1/1
    32 | D        | Noticed a howler monkey
    32 | D        | Noticed a quasit
    32 | D        | Noticed a crimson imp
    54 | D        | Killed a crimson imp
    54 | D        | Reached skill level 1 in Fighting
    54 | D        | Reached skill level 5 in Unarmed Combat
    54 | D        | Reached XP level 2. HP: 23/28 MP: 2/4
    54 | D        | Reached XP level 3. HP: 28/35 MP: 2/5
    61 | D        | Reached XP level 4. HP: 36/42 MP: 1/6
    84 | D        | Found a roughly hewn altar of Beogh.
    84 | D        | Found a snail-covered altar of Cheibriados.
    84 | D        | Found a shadowy altar of Dithmenos.
    84 | D        | Found a white marble altar of Elyvilon.
    84 | D        | Found a blossoming altar of Fedhas.
    84 | D        | Found an opulent altar of Gozag.
    85 | D        | Found a hazy altar of Hepliaklqana.
    86 | D        | Found a viscous altar of Jiyva.
    87 | D        | Found an ancient bone altar of Kikubaaqudgha.
    88 | D        | Found a corrupted altar of Lugonu.
    89 | D        | Found a burning altar of Makhleb.
    90 | D        | Found a sparkling altar of Nemelex Xobeh.
    91 | D        | Found an iron altar of Okawaru.
    92 | D        | Found a stormy altar of Qazlal.
    93 | D        | Found a sacrificial altar of Ru.
    94 | D        | Found a shimmering blue altar of Sif Muna.
    95 | D        | Found a bloodstained altar of Trog.
    96 | D        | Found a hide-covered altar of Uskayaw.
    97 | D        | Found a radiant altar of Vehumet.
    98 | D        | Found an ornate altar of the Wu Jian Council.
    99 | D        | Found a shimmering altar of Xom.
   100 | D        | Found a basalt altar of Yredelemnul.
   101 | D        | Found a glowing silver altar of Zin.
   102 | D        | Became a worshipper of Sif Muna the Loreminder
   103 | D        | Found a glowing golden altar of the Shining One.
   136 | D        | Noticed a centaur
   136 | D        | Noticed a two-headed ogre
   140 | D        | Reached skill level 3 in Evocations
   140 | D        | Reached XP level 5. HP: 49/49 MP: 6/8
   142 | D        | Reached skill level 4 in Evocations
   144 | D        | Killed a two-headed ogre
   144 | D        | Reached * piety under Sif Muna
   144 | D        | Reached skill level 8 in Evocations
   144 | D        | Reached XP level 6. HP: 57/57 MP: 6/11
   153 | D        | Reached XP level 7. HP: 54/66 MP: 7/12
   169 | D        | Reached ** piety under Sif Muna
   202 | D        | Learned a level 2 spell: Sticks to Snakes
   205 | D        | Noticed a kobold demonologist
   205 | D        | Noticed a brown ugly thing
   205 | D        | Noticed a kobold demonologist
   212 | D        | Noticed a rust devil
   220 | D        | Mangled by a brown ugly thing

Levels and vault maps discovered:
D:        linesprint [early_d, line_temple, items_1, d_10, items_2, lair_1,
          lair_end, items_3, orc_1, orc_end, items_4, d_15, swamp_1, shoals_1,
          snake_1, spider_1, d_20, vaults_1, items_5, swamp_end, shoals_end,
          snake_end, spider_end, vaults_end, d_27, items_6, zot_1, zot_end,
          crypt_end, forest_end, elf_end, slime_end, tomb_end, abyss_end,
          pan_hell_end]

Skill      XL: |  1  2  3  4  5  6  7 |
---------------+----------------------+-----
Unarmed Combat | 5 6 7 |  7.0
Fighting       | 1 2 |  2.5
Dodging        | 2 3 |  3.7
Spellcasting   | 2 |  2.8
Transmutations | 2 |  2.9
Evocations     | 3 8 |  8.9

Action                   |  1- 3 |  4- 6 |  7- 9 || total
-------------------------+-------+-------+-------++-------
Melee: Unarmed           |    32 |    17 |    21 ||    70
       Kick              |     3 |     1 |     6 ||    10
       Headbutt          |       |     1 |       ||     1
 Cast: Beastly Appendage |     3 |     1 |     2 ||     6
       Sticks to Snakes  |       |       |     3 ||     3
  Use: Potion            |       |     1 |     1 ||     2
  Eat: Chunk             |     3 |     3 |     1 ||     7
Armor: Robe              |    13 |     4 |     5 ||    22
Dodge: Dodged            |    34 |     6 |     4 ||    44

Table legend:
 A = Non-vault XP
 B = Vault XP
 C = Vault XP percentage of total XP
 D = Non-vault monster count
 E = Vault monster count
 F = Vault count percentage of total count
                 A         B        C        D         E       F
            +---------+---------+-------+---------+---------+-------
      Total |       0 |     791 | 100.0 |       0 |      16 | 100.0
            +---------+---------+-------+---------+---------+-------
          D |       0 |     791 | 100.0 |       0 |      16 | 100.0
            +---------+---------+-------+---------+---------+-------
